Monarchs vs Influenza
Created - 1 mars 2015 at 21:53
Goals
|
| Monarchs |
1 |
1 |
4 |
0 |
0 |
6 |
| Influenza |
0 |
3 |
3 |
0 |
2 |
7 |
|
Shots
|
| Monarchs |
8 |
18 |
12 |
3 |
2 |
41 |
| Influenza |
11 |
12 |
11 |
3 |
2 |
37 |
|
1st period
1. Monarchs , Brock Trotter 20 (Jordan Nolan, James Reimer) at 11:11 (PP)
Penalties :
Shawn Belle (MAN) for Interference (Minor) at 5:59, Corey Tropp (VJB) for High sticking (Minor) at 11:00, Richard Park (MAN) for Tripping (Minor) at 13:55
2nd period
2. Monarchs , Tyler Kennedy 12 (Cody Franson, James Reimer) at 4:06
3. Influenza , Juraj Mikus 2 (Mathieu Carle) at 4:51
4. Influenza , Martins Karsums 42 (Robbie Earl) at 11:31
5. Influenza , Colin McDonald 6 (Ryan Russell, Mathieu Carle) at 16:10
Penalties :
No Penalty
3rd period
6. Influenza , Martins Karsums 43 (Robbie Earl, Jaime Sifers) at 8:31
7. Monarchs , Tyler Kennedy 13 (Jordan Nolan, Andrew MacDonald) at 8:44
8. Influenza , Jeremy Morin 13 (Ryan Russell, Cody McCormick) at 9:30
9. Influenza , Robbie Earl 42 (Martins Karsums, Ryan Carter) at 10:29 (PP)
10. Monarchs , Jordan Nolan 26 (Cody Franson, Brock Trotter) at 11:43 (PP)
11. Monarchs , Jay Beagle 5 (Dana Tyrell, Cody Franson) at 13:59
12. Monarchs , Jordan Nolan 27 (Brock Trotter, Cody Franson) at 19:36
Penalties :
Tyler Kennedy (MAN) for Holding (Minor) at 10:28, Jeremy Morin (VJB) for High sticking (Double Minor) at 11:12, Ryan Carter (VJB) for High sticking (Minor) at 14:06
Overtime #1
No Goal
Penalties :
No Penalty
Shootout
Penalty Shot by Matt Martin for Monarchs - Stopped by Tyson Sexsmith
Penalty Shot by Robbie Earl for Influenza - Goal!
Penalty Shot by Boyd Gordon for Monarchs - Stopped by Tyson Sexsmith
Penalty Shot by Martins Karsums for Influenza - Goal!
Penalties :
No Penalty
Goalie Stats
James Reimer (MAN), 31 saves from 37 shots - (0,838), OTL, 18-20-5, 64:26 minutes
Tyson Sexsmith (VJB), 35 saves from 41 shots - (0,854), W, 2-3-2, 65:00 minutes
Players Stats for Monarchs
Player Name G A P +/- PIM S H SB GA TA FO MP PP MP PK MP
------------------------------------------------------------------------------------
Andrew MacDonald 0 1 1 1 0 1 2 4 2 1 0/0 27:55 2:52 2:36
Boyd Gordon 0 0 0 -1 0 0 2 0 1 1 5/15 18:48 0:00 2:10
Brock Trotter 1 2 3 1 0 8 1 0 2 0 0/0 24:41 2:47 1:07
Cody Franson 0 4 4 -1 0 4 1 1 1 1 0/0 28:17 2:52 2:36
Dana Tyrell 0 1 1 0 0 1 0 0 0 0 1/3 7:37 0:00 0:50
Eric Wellwood 0 0 0 0 0 2 0 0 0 0 0/0 10:07 0:00 1:20
Jake Muzzin 0 0 0 0 0 0 0 0 0 0 0/0 22:14 1:48 0:00
Jay Beagle 1 0 1 0 0 2 0 1 0 0 0/0 8:35 0:00 0:00
Jordan Nolan 2 2 4 1 0 6 3 0 0 2 15/38 24:37 2:47 0:26
Jordie Benn 0 0 0 -1 0 0 0 0 0 1 0/0 5:33 0:00 0:40
Marc Methot 0 0 0 -1 0 1 0 0 0 2 0/0 19:02 0:00 1:23
Matt Martin 0 0 0 -1 0 1 1 0 1 0 0/2 14:14 1:53 0:59
Peter Schaefer 0 0 0 -1 0 3 0 1 1 0 0/0 14:56 0:00 0:00
Richard Park 0 0 0 -1 2 1 2 0 0 0 0/1 12:15 0:00 1:06
Roman Josi 0 0 0 0 0 0 1 2 1 0 0/0 13:00 1:48 0:00
Shawn Belle 0 0 0 0 2 3 0 0 0 1 0/0 14:01 0:00 0:43
Tyler Kennedy 2 0 2 0 2 8 2 0 0 0 3/3 20:36 1:53 0:00
Zac Rinaldo 0 0 0 -1 0 0 2 0 0 0 1/5 11:39 1:53 0:00
Zack Kassian 0 0 0 0 0 0 1 1 0 1 0/0 17:51 2:47 0:00
Players Stats for Influenza
Player Name G A P +/- PIM S H SB GA TA FO MP PP MP PK MP
------------------------------------------------------------------------------------
Adam Berti 0 0 0 0 0 0 1 0 0 0 0/0 11:09 0:00 0:34
Brian Salcido 0 0 0 -1 0 1 0 1 0 1 0/0 10:36 0:00 0:00
Carl Gunnarsson 0 0 0 3 0 1 0 2 0 1 0/0 19:50 1:30 1:52
Cody McCormick 0 1 1 1 0 1 0 0 1 0 5/8 19:26 1:56 1:07
Colin McDonald 1 0 1 1 0 2 3 2 1 0 0/0 12:46 0:00 1:06
Corey Tropp 0 0 0 0 2 0 0 0 0 0 0/0 7:53 0:00 0:00
Jacob Josefson 0 0 0 1 0 0 1 0 0 0 1/2 4:09 0:00 0:27
Jaime Sifers 0 1 1 3 0 0 0 2 1 0 0/0 19:50 1:30 1:52
Jeff May 0 0 0 -1 0 0 0 0 0 0 0/0 6:13 0:00 0:00
Jeff Petry 0 0 0 -1 0 0 0 0 0 0 0/0 10:32 0:00 0:00
Jeremy Morin 1 0 1 1 4 1 3 1 0 0 0/0 17:07 1:56 0:00
Jimmy Bonneau 0 0 0 0 0 0 0 0 0 0 0/0 0:00 0:00 0:00
Jordan Schroeder 0 0 0 0 0 0 0 0 0 0 0/0 0:00 0:00 0:00
Juraj Mikus 1 0 1 0 0 1 0 1 0 0 0/3 7:54 0:00 0:00
Martins Karsums 2 1 3 0 0 7 2 1 2 0 0/0 24:58 2:03 2:49
Mathieu Carle 0 2 2 0 0 4 2 5 0 0 0/0 28:25 2:29 2:48
Noah Welch 0 0 0 0 0 1 3 2 2 0 0/0 28:24 2:29 2:48
Paul Szczechura 0 0 0 0 0 0 0 0 0 0 0/0 0:00 0:00 0:00
Robbie Earl 1 2 3 -1 0 5 0 1 1 1 8/9 25:29 2:03 2:45
Ryan Carter 0 1 1 -1 2 4 2 1 0 3 25/41 22:46 2:03 0:32
Ryan Russell 0 2 2 1 0 6 6 0 0 1 2/3 16:58 0:00 0:00
T.J Brodie 0 0 0 -1 0 0 0 0 0 1 0/0 6:10 0:00 0:00
T.J Galiardi 0 0 0 0 0 0 0 0 1 0 0/0 6:06 1:56 0:00
Tim Erixon 0 0 0 0 0 0 0 0 0 0 0/0 0:00 0:00 0:00
Zac Dalpe 0 0 0 0 0 3 1 0 1 1 1/1 8:36 0:00 0:00
3 Stars
1 - Jordan Nolan (MAN)
2 - Martins Karsums (VJB)
3 - Brock Trotter (MAN)
Power Play
Monarchs - 2 on 4 Attempt(s) - 50,00%
Influenza - 1 on 3 Attempt(s) - 33,33%
Penalty Kill
Monarchs - 2 on 3 Attempt(s) - 66,67%
- Score 0 goal in Penalty Kill
Influenza - 2 on 4 Attempt(s) - 50,00%
- Score 0 goal in Penalty Kill
Team Stat
Monarchs - Hits : 18 - Faceoff Wins : 25 - Blocked Shots : 10 - Penalty Minutes : 6
Influenza - Hits : 24 - Faceoff Wins : 42 - Blocked Shots : 19 - Penalty Minutes : 8
Official
Referees : Morton Dean and LaRue Dennis
Linesman : Bryan Pancich and Mark Wheler
Game Notes
T.J Galiardi is injured at 19:54 of 1st period (Bruised Left Shoulder)
Zac Dalpe is injured at 13:11 of 2nd period (Right Knee)
Finance
Level 1 -- Attendance: 1521 (76,05%) -- Ticket Income 60 840 $
Level 2 -- Attendance: 726 (72,60%) -- Ticket Income 14 520 $
Total Attendance: 2247 (74,90%)
Total Ticket Income: 75 360 $
Other Income: 3 768 $
Total Income: 79 128 $
Monarchs
5 vs 5 Forward
Center Left Wing Right Wing Time % Phy DF OF
1 Jordan Nolan Brock Trotter Tyler Kennedy 40 2 1 2
2 Boyd Gordon Peter Schaefer Zack Kassian 30 1 2 2
3 Zac Rinaldo Matt Martin Richard Park 20 3 1 1
4 Dana Tyrell Eric Wellwood Jay Beagle 10 1 4 0
5 vs 5 Defense
Defense Defense Time % Phy DF OF
1 Andrew MacDonald Jake Muzzin 40 1 2 2
2 Cody Franson Marc Methot 30 1 2 2
3 Shawn Belle Roman Josi 20 1 2 2
4 Jordie Benn Cody Franson 10 1 2 2
PowerPlay Forward
Center Left Wing Right Wing Time % Phy DF OF
1 Jordan Nolan Brock Trotter Zack Kassian 60 1 1 3
2 Zac Rinaldo Matt Martin Tyler Kennedy 40 0 1 4
PowerPlay Defense
Defense Defense Time % Phy DF OF
1 Andrew MacDonald Cody Franson 60 0 2 3
2 Roman Josi Jake Muzzin 40 0 2 3
Penalty Kill 4 Players Forward
Center Wing Time % Phy DF OF
1 Boyd Gordon Richard Park 60 1 2 2
2 Dana Tyrell Eric Wellwood 40 1 2 2
Penalty Kill 4 Players Defense
Defense Defense Time % Phy DF OF
1 Andrew MacDonald Cody Franson 60 1 2 2
2 Marc Methot Shawn Belle 40 1 2 2
Penalty Kill - 3 Players Forward
Forward Time % Phy DF OF
1 Jordan Nolan 60 1 2 2
2 Boyd Gordon 40 1 2 2
Penalty Kill - 3 Players Defense
Defense Defense Time % Phy DF OF
1 Andrew MacDonald Cody Franson 60 1 2 2
2 Marc Methot Shawn Belle 40 1 2 2
4 vs 4 Forward
Center Wing Time % Phy DF OF
1 Boyd Gordon Eric Wellwood 60 1 2 2
2 Jordan Nolan Richard Park 40 1 2 2
4 vs 4 Defense
Defense Defense Time % Phy DF OF
1 Andrew MacDonald Cody Franson 60 1 2 2
2 Marc Methot Shawn Belle 40 1 2 2
Last Minutes Offensive
Center Left Wing Right Wing Defense Defense
Jordan Nolan Brock Trotter Zack Kassian Andrew MacDonald Cody Franson
Last Minutes Defensive
Center Left Wing Right Wing Defense Defense
Boyd Gordon Peter Schaefer Eric Wellwood Andrew MacDonald Cody Franson
Goaltenders
Starting : James Reimer
Backup : Richard Bachman
Extra Forwards
Normal : Jordan Nolan, Jay Beagle, Matt Martin - PP : Zac Rinaldo, Jay Beagle - PK : Matt Martin
Extra Defensemen
Normal : Cody Franson, Andrew MacDonald, Marc Methot - PP : Roman Josi - PK : Jordie Benn, Jake Muzzin
Penalty Shots
Matt Martin, Boyd Gordon, Peter Schaefer, Tyler Kennedy, Jordan Nolan
Influenza
5 vs 5 Forward
Center Left Wing Right Wing Time % Phy DF OF
1 Ryan Carter Robbie Earl Martins Karsums 40 1 2 2
2 Cody McCormick T.J Galiardi Jeremy Morin 30 1 2 2
3 Zac Dalpe Ryan Russell Colin McDonald 20 1 2 2
4 Juraj Mikus Adam Berti Corey Tropp 10 1 2 2
5 vs 5 Defense
Defense Defense Time % Phy DF OF
1 Noah Welch Mathieu Carle 40 1 2 2
2 Jaime Sifers Carl Gunnarsson 30 1 2 2
3 Jeff Petry Brian Salcido 20 1 2 2
4 Jeff May T.J Brodie 10 1 2 2
PowerPlay Forward
Center Left Wing Right Wing Time % Phy DF OF
1 Ryan Carter Robbie Earl Martins Karsums 60 1 2 2
2 Cody McCormick T.J Galiardi Jeremy Morin 40 1 2 2
PowerPlay Defense
Defense Defense Time % Phy DF OF
1 Noah Welch Mathieu Carle 60 1 2 2
2 Jaime Sifers Carl Gunnarsson 40 1 2 2
Penalty Kill 4 Players Forward
Center Wing Time % Phy DF OF
1 Robbie Earl Martins Karsums 60 1 2 2
2 Ryan Carter Cody McCormick 40 1 2 2
Penalty Kill 4 Players Defense
Defense Defense Time % Phy DF OF
1 Noah Welch Mathieu Carle 60 1 2 2
2 Jaime Sifers Carl Gunnarsson 40 1 2 2
Penalty Kill - 3 Players Forward
Forward Time % Phy DF OF
1 Robbie Earl 60 1 2 2
2 Martins Karsums 40 1 2 2
Penalty Kill - 3 Players Defense
Defense Defense Time % Phy DF OF
1 Noah Welch Mathieu Carle 60 1 2 2
2 Jaime Sifers Carl Gunnarsson 40 1 2 2
4 vs 4 Forward
Center Wing Time % Phy DF OF
1 Robbie Earl Martins Karsums 60 1 2 2
2 Ryan Carter Cody McCormick 40 1 2 2
4 vs 4 Defense
Defense Defense Time % Phy DF OF
1 Noah Welch Mathieu Carle 60 1 2 2
2 Jaime Sifers Carl Gunnarsson 40 1 2 2
Last Minutes Offensive
Center Left Wing Right Wing Defense Defense
Ryan Carter Robbie Earl Martins Karsums Noah Welch Mathieu Carle
Last Minutes Defensive
Center Left Wing Right Wing Defense Defense
Ryan Carter Robbie Earl Martins Karsums Noah Welch Mathieu Carle
Goaltenders
Starting : Tyson Sexsmith
Backup : Alex Stalock
Extra Forwards
Normal : Zac Dalpe, Ryan Russell, Colin McDonald - PP : Zac Dalpe, Ryan Russell - PK : Colin McDonald
Extra Defensemen
Normal : Jeff Petry, Brian Salcido, Jeff May - PP : Jeff Petry - PK : Brian Salcido, Jeff May
Penalty Shots
Robbie Earl, Martins Karsums, Ryan Carter, Cody McCormick, T.J Galiardi
% Time on Ice - Monarchs
Lines # - Real PCT - Wanted PCT - Time Play
Normal Forward
1 - 37% - 40% - 18:53
2 - 30% - 30% - 15:12
3 - 19% - 20% - 9:41
4 - 13% - 10% - 6:44
Normal Defense
1 - 38% - 40% - 19:23
2 - 31% - 30% - 15:27
3 - 21% - 20% - 10:47
4 - 10% - 10% - 4:53
PP Forward
1 - 60% - 60% - 2:47
2 - 40% - 40% - 1:53
PP Defense
1 - 61% - 60% - 2:52
2 - 39% - 40% - 1:48
PK Forward
1 - 79% - 60% - 3:09
2 - 21% - 40% - 0:50
PK Defense
1 - 65% - 60% - 2:36
2 - 35% - 40% - 1:23
PK3 Forward
1 - 0% - 60%
2 - 0% - 40%
PK3 Defense
1 - 0% - 60%
2 - 0% - 40%
44 Forward
1 - 81% - 60% - 4:04
2 - 19% - 40% - 0:56
44 Defense
1 - 65% - 60% - 3:16
2 - 35% - 40% - 1:44
Last Minute Offensive - 0:51
Last Minute Defensive - 0:00
Total
Forward - 65:00
Defense - 65:00
|
% Time on Ice - Influenza
Lines # - Real PCT - Wanted PCT - Time Play
Normal Forward
1 - 35% - 40% - 17:53
2 - 31% - 30% - 15:34
3 - 18% - 20% - 9:08
4 - 16% - 10% - 7:54
Normal Defense
1 - 40% - 40% - 20:05
2 - 28% - 30% - 14:18
3 - 20% - 20% - 9:56
4 - 12% - 10% - 6:10
PP Forward
1 - 51% - 60% - 2:03
2 - 49% - 40% - 1:56
PP Defense
1 - 62% - 60% - 2:29
2 - 38% - 40% - 1:30
PK Forward
1 - 76% - 60% - 3:33
2 - 24% - 40% - 1:07
PK Defense
1 - 60% - 60% - 2:48
2 - 40% - 40% - 1:52
PK3 Forward
1 - 0% - 60%
2 - 0% - 40%
PK3 Defense
1 - 0% - 60%
2 - 0% - 40%
44 Forward
1 - 72% - 60% - 3:36
2 - 28% - 40% - 1:24
44 Defense
1 - 54% - 60% - 2:42
2 - 46% - 40% - 2:18
Last Minute Offensive - 0:00
Last Minute Defensive - 0:52
Total
Forward - 65:00
Defense - 65:00
|
Play by Play
1st period
0:01 of 1st period - Ryan Carter wins face-off versus Jordan Nolan in neutral zone.
0:16 of 1st period - Snap shot by Martins Karsums.
0:16 of 1st period - Stopped by James Reimer with a rebound.
0:26 of 1st period - Cody McCormick is hit by Andrew MacDonald and loses puck.
1:33 of 1st period - Backhand shot by Brock Trotter.
1:33 of 1st period - Shot Misses the Net.
1:35 of 1st period - Wrist shot by Tyler Kennedy.
1:35 of 1st period - Shot Blocked by Brian Salcido.
1:37 of 1st period - Slapshot by Tyler Kennedy.
1:37 of 1st period - Shot Misses the Net.
1:49 of 1st period - Peter Schaefer is hit by Jeremy Morin and loses puck.
1:54 of 1st period - Snap shot by T.J Galiardi.
1:54 of 1st period - Shot Misses the Net.
3:18 of 1st period - Slapshot by Andrew MacDonald.
3:18 of 1st period - Deflect By Dana Tyrell.
3:18 of 1st period - Stopped by Tyson Sexsmith without a rebound.
3:19 of 1st period - Jordan Nolan wins face-off versus Cody McCormick in Influenza zone.
3:20 of 1st period - Wrist shot by Tyler Kennedy.
3:20 of 1st period - Shot Misses the Net.
3:28 of 1st period - Snap shot by Cody McCormick.
3:28 of 1st period - Stopped by James Reimer without a rebound.
3:29 of 1st period - Ryan Carter wins face-off versus Jordan Nolan in Monarchs zone.
3:41 of 1st period - Off-side.
3:42 of 1st period - Robbie Earl wins face-off versus Jordan Nolan in neutral zone.
3:58 of 1st period - Wrist shot by Tyler Kennedy.
3:58 of 1st period - Deflect By Brock Trotter.
3:58 of 1st period - Shot Misses the Net.
3:58 of 1st period - Puck is out of play.
3:59 of 1st period - Cody McCormick wins face-off versus Zac Rinaldo in Influenza zone.
3:59 of 1st period - Cody McCormick is hit by Richard Park.
4:47 of 1st period - Zac Dalpe is hit by Jordan Nolan and loses puck.
5:12 of 1st period - Snap shot by Cody Franson.
5:12 of 1st period - Stopped by Tyson Sexsmith with a rebound.
5:14 of 1st period - Snap shot by Jay Beagle.
5:14 of 1st period - Deflect By Eric Wellwood.
5:14 of 1st period - Stopped by Tyson Sexsmith without a rebound.
5:15 of 1st period - Boyd Gordon wins face-off versus Cody McCormick in Influenza zone.
5:42 of 1st period - Ryan Carter is hit by Jordan Nolan and loses puck.
5:59 of 1st period - Minor Penalty to Shawn Belle for Interference.
6:00 of 1st period - Ryan Carter wins face-off versus Boyd Gordon in Monarchs zone.
6:11 of 1st period - Wrist shot by Robbie Earl.
6:11 of 1st period - Shot Misses the Net.
7:04 of 1st period - Slapshot by Brock Trotter.
7:04 of 1st period - Stopped by Tyson Sexsmith without a rebound.
7:05 of 1st period - Ryan Carter wins face-off versus Matt Martin in Influenza zone.
7:59 of 1st period - Penalty to Shawn Belle is over, Shawn Belle is back on ice.
8:15 of 1st period - Snap shot by Brock Trotter.
8:15 of 1st period - Shot Blocked by Jaime Sifers.
8:33 of 1st period - Snap shot by Ryan Russell.
8:33 of 1st period - Stopped by James Reimer with a rebound.
8:35 of 1st period - Slapshot by Carl Gunnarsson.
8:35 of 1st period - Deflect By Boyd Gordon.
8:35 of 1st period - Stopped by James Reimer with a rebound.
8:37 of 1st period - Slapshot by Ryan Russell.
8:37 of 1st period - Shot Misses the Net.
8:42 of 1st period - Icing by Peter Schaefer.
8:43 of 1st period - Boyd Gordon wins face-off versus Ryan Carter in Monarchs zone.
9:08 of 1st period - Snap shot by Richard Park.
9:08 of 1st period - Shot Hit the Post.
9:18 of 1st period - Jeff Petry is hit by Zac Rinaldo and loses puck.
9:41 of 1st period - Slapshot by Tyler Kennedy.
9:41 of 1st period - Stopped by Tyson Sexsmith with a rebound.
11:00 of 1st period - Minor Penalty to Corey Tropp for High sticking.
11:01 of 1st period - Robbie Earl wins face-off versus Jordan Nolan in Influenza zone.
11:11 of 1st period - Snap shot by Brock Trotter.
11:11 of 1st period - Goal by Brock Trotter - Monarchs : 1 - Influenza : 0.
11:12 of 1st period - Ryan Carter wins face-off versus Jordan Nolan in neutral zone.
11:15 of 1st period - Snap shot by Martins Karsums.
11:15 of 1st period - Shot Blocked by Cody Franson.
11:23 of 1st period - Wrist shot by Robbie Earl.
11:23 of 1st period - Stopped by James Reimer with a rebound.
11:25 of 1st period - Backhand shot by Martins Karsums.
11:25 of 1st period - Shot Misses the Net.
11:27 of 1st period - Slapshot by Martins Karsums.
11:27 of 1st period - Stopped by James Reimer with a rebound.
11:39 of 1st period - Mathieu Carle is hit by Zack Kassian and loses puck.
12:04 of 1st period - Snap shot by Zac Dalpe.
12:04 of 1st period - Stopped by James Reimer without a rebound.
12:05 of 1st period - Ryan Carter wins face-off versus Jordan Nolan in Monarchs zone.
12:08 of 1st period - Wrist shot by Ryan Carter.
12:08 of 1st period - Stopped by James Reimer without a rebound.
12:09 of 1st period - Tyler Kennedy wins face-off versus Ryan Carter in Monarchs zone.
12:21 of 1st period - Snap shot by Ryan Carter.
12:21 of 1st period - Stopped by James Reimer without a rebound.
12:22 of 1st period - Ryan Carter wins face-off versus Boyd Gordon in Monarchs zone.
12:23 of 1st period - Slapshot by Robbie Earl.
12:23 of 1st period - Shot Blocked by Andrew MacDonald.
12:25 of 1st period - Slapshot by Martins Karsums.
12:25 of 1st period - Deflect By Robbie Earl.
12:25 of 1st period - Stopped by James Reimer without a rebound.
12:26 of 1st period - Ryan Carter wins face-off versus Boyd Gordon in Monarchs zone.
12:27 of 1st period - Wrist shot by Martins Karsums.
12:27 of 1st period - Deflect By Robbie Earl.
12:27 of 1st period - Stopped by James Reimer without a rebound.
12:28 of 1st period - Ryan Carter wins face-off versus Boyd Gordon in Monarchs zone.
12:29 of 1st period - Snap shot by Martins Karsums.
12:29 of 1st period - Shot Misses the Net.
12:37 of 1st period - Wrist shot by Martins Karsums.
12:37 of 1st period - Deflect By Robbie Earl.
12:37 of 1st period - Shot Blocked by Peter Schaefer.
12:37 of 1st period - Puck is out of play.
12:38 of 1st period - Cody McCormick wins face-off versus Jordan Nolan in Monarchs zone.
12:49 of 1st period - Wrist shot by Brock Trotter.
12:49 of 1st period - Shot Misses the Net.
12:51 of 1st period - Slapshot by Tyler Kennedy.
12:51 of 1st period - Stopped by Tyson Sexsmith without a rebound.
12:52 of 1st period - Ryan Carter wins face-off versus Boyd Gordon in Influenza zone.
13:06 of 1st period - Zack Kassian is hit by Mathieu Carle.
13:47 of 1st period - Wrist shot by Zac Dalpe.
13:47 of 1st period - Shot Misses the Net.
13:55 of 1st period - Minor Penalty to Richard Park for Tripping.
13:56 of 1st period - Ryan Carter wins face-off versus Matt Martin in Monarchs zone.
14:11 of 1st period - Wrist shot by Robbie Earl.
14:11 of 1st period - Shot Misses the Net.
15:33 of 1st period - Boyd Gordon is hit by Martins Karsums and loses puck.
15:55 of 1st period - Penalty to Richard Park is over, Richard Park is back on ice.
16:17 of 1st period - Marc Methot is hit by Ryan Russell and loses puck.
16:43 of 1st period - Snap shot by Corey Tropp.
16:43 of 1st period - Shot Misses the Net.
17:47 of 1st period - Jeff Petry is hit by Matt Martin and loses puck.
18:04 of 1st period - Robbie Earl is hit by Brock Trotter and loses puck.
18:31 of 1st period - Peter Schaefer is hit by Colin McDonald and loses puck.
19:04 of 1st period - Slapshot by Brock Trotter.
19:04 of 1st period - Shot Misses the Net.
19:18 of 1st period - Snap shot by Richard Park.
19:18 of 1st period - Stopped by Tyson Sexsmith without a rebound.
19:19 of 1st period - Ryan Carter wins face-off versus Zac Rinaldo in Influenza zone.
19:53 of 1st period - T.J Galiardi is hit by Tyler Kennedy and loses puck.
19:54 of 1st period - T.J Galiardi from Influenza is injured at 19:54 of 1st period (Bruised Left Shoulder).
19:55 of 1st period - Ryan Carter wins face-off versus Jordan Nolan in Influenza zone.
Goals for this period are 1 for Monarchs vs 0 for Influenza.
Shots for this period are 8 for Monarchs vs 11 for Influenza.
2nd period
0:01 of 2nd period - Jordan Nolan wins face-off versus Ryan Carter in neutral zone.
0:08 of 2nd period - Snap shot by Ryan Carter.
0:08 of 2nd period - Shot Blocked by Andrew MacDonald.
0:10 of 2nd period - Snap shot by Martins Karsums.
0:10 of 2nd period - Shot Blocked by Andrew MacDonald.
0:47 of 2nd period - Slapshot by Andrew MacDonald.
0:47 of 2nd period - Deflect By Jaime Sifers.
0:47 of 2nd period - Stopped by Tyson Sexsmith with a rebound.
0:50 of 2nd period - Icing by Carl Gunnarsson.
0:51 of 2nd period - Jordan Nolan wins face-off versus Juraj Mikus in Influenza zone.
0:52 of 2nd period - Snap shot by Brock Trotter.
0:52 of 2nd period - Stopped by Tyson Sexsmith without a rebound.
0:53 of 2nd period - Ryan Carter wins face-off versus Jordan Nolan in Influenza zone.
1:18 of 2nd period - Zac Dalpe is hit by Cody Franson and loses puck.
1:27 of 2nd period - Cody Franson is hit by Zac Dalpe.
1:46 of 2nd period - Richard Park is hit by Colin McDonald and loses puck.
2:32 of 2nd period - Martins Karsums is hit by Andrew MacDonald and loses puck.
3:22 of 2nd period - Wrist shot by Martins Karsums.
3:22 of 2nd period - Stopped by James Reimer with a rebound.
3:44 of 2nd period - Snap shot by Zac Dalpe.
3:44 of 2nd period - Stopped by James Reimer without a rebound.
3:45 of 2nd period - Ryan Russell wins face-off versus Jordan Nolan in Monarchs zone.
3:48 of 2nd period - Snap shot by Ryan Russell.
3:48 of 2nd period - Shot Misses the Net.
3:50 of 2nd period - Wrist shot by Ryan Russell.
3:50 of 2nd period - Shot Misses the Net.
3:52 of 2nd period - Wrist shot by Colin McDonald.
3:52 of 2nd period - Deflect By Ryan Russell.
3:52 of 2nd period - Stopped by James Reimer with a rebound.
4:06 of 2nd period - Backhand shot by Tyler Kennedy.
4:06 of 2nd period - Goal by Tyler Kennedy - Monarchs : 2 - Influenza : 0.
4:07 of 2nd period - Ryan Carter wins face-off versus Jordan Nolan in neutral zone.
4:16 of 2nd period - Wrist shot by Brock Trotter.
4:16 of 2nd period - Stopped by Tyson Sexsmith with a rebound.
4:18 of 2nd period - Wrist shot by Tyler Kennedy.
4:18 of 2nd period - Stopped by Tyson Sexsmith with a rebound.
4:20 of 2nd period - Slapshot by Tyler Kennedy.
4:20 of 2nd period - Shot Blocked by Martins Karsums.
4:51 of 2nd period - Snap shot by Juraj Mikus.
4:51 of 2nd period - Goal by Juraj Mikus - Monarchs : 2 - Influenza : 1.
4:52 of 2nd period - Jordan Nolan wins face-off versus Ryan Carter in neutral zone.
4:55 of 2nd period - Snap shot by Jordan Nolan.
4:55 of 2nd period - Stopped by Tyson Sexsmith with a rebound.
4:59 of 2nd period - Snap shot by Jordan Nolan.
4:59 of 2nd period - Shot Blocked by Carl Gunnarsson.
5:07 of 2nd period - Snap shot by Brock Trotter.
5:07 of 2nd period - Stopped by Tyson Sexsmith with a rebound.
5:36 of 2nd period - Snap shot by Mathieu Carle.
5:36 of 2nd period - Stopped by James Reimer with a rebound.
5:38 of 2nd period - Snap shot by Adam Berti.
5:38 of 2nd period - Shot Misses the Net.
5:40 of 2nd period - Slapshot by Brian Salcido.
5:40 of 2nd period - Stopped by James Reimer without a rebound.
5:41 of 2nd period - Jordan Nolan wins face-off versus Juraj Mikus in Monarchs zone.
6:12 of 2nd period - Snap shot by Robbie Earl.
6:12 of 2nd period - Stopped by James Reimer with a rebound.
6:32 of 2nd period - Boyd Gordon is hit by Ryan Russell and loses puck.
7:46 of 2nd period - Marc Methot is hit by Ryan Russell and loses puck.
8:19 of 2nd period - Wrist shot by Jordan Nolan.
8:19 of 2nd period - Stopped by Tyson Sexsmith with a rebound.
9:58 of 2nd period - Ryan Russell is hit by Boyd Gordon and loses puck.
10:21 of 2nd period - Icing by Richard Park.
10:22 of 2nd period - Robbie Earl wins face-off versus Dana Tyrell in Monarchs zone.
10:49 of 2nd period - Slapshot by Andrew MacDonald.
10:49 of 2nd period - Shot Blocked by Mathieu Carle.
11:15 of 2nd period - Wrist shot by Peter Schaefer.
11:15 of 2nd period - Stopped by Tyson Sexsmith without a rebound.
11:16 of 2nd period - Zac Dalpe wins face-off versus Boyd Gordon in Influenza zone.
11:25 of 2nd period - Wrist shot by Zac Dalpe.
11:25 of 2nd period - Stopped by James Reimer without a rebound.
11:26 of 2nd period - Boyd Gordon wins face-off versus Ryan Carter in Monarchs zone.
11:31 of 2nd period - Slapshot by Martins Karsums.
11:31 of 2nd period - Goal by Martins Karsums - Monarchs : 2 - Influenza : 2.
11:32 of 2nd period - Ryan Carter wins face-off versus Jordan Nolan in neutral zone.
11:47 of 2nd period - Snap shot by Martins Karsums.
11:47 of 2nd period - Shot Misses the Net.
13:10 of 2nd period - Zac Dalpe is hit by Jordan Nolan.
13:11 of 2nd period - Zac Dalpe from Influenza is injured at 13:11 of 2nd period (Right Knee).
13:12 of 2nd period - Jordan Nolan wins face-off versus Ryan Carter in Influenza zone.
13:13 of 2nd period - Wrist shot by Tyler Kennedy.
13:13 of 2nd period - Shot Blocked by Jaime Sifers.
13:57 of 2nd period - Juraj Mikus is hit by Roman Josi and loses puck.
14:08 of 2nd period - Slapshot by Jaime Sifers.
14:08 of 2nd period - Deflect By Corey Tropp.
14:08 of 2nd period - Shot Blocked by Roman Josi.
14:08 of 2nd period - Puck is out of play.
14:09 of 2nd period - Jordan Nolan wins face-off versus Ryan Carter in Monarchs zone.
14:09 of 2nd period - Jordan Nolan is hit by Ryan Carter.
14:22 of 2nd period - Icing by Jake Muzzin.
14:23 of 2nd period - Jordan Nolan wins face-off versus Cody McCormick in Monarchs zone.
14:23 of 2nd period - Jordan Nolan is hit by Ryan Russell.
14:41 of 2nd period - Snap shot by Brock Trotter.
14:41 of 2nd period - Stopped by Tyson Sexsmith without a rebound.
14:42 of 2nd period - Ryan Carter wins face-off versus Boyd Gordon in Influenza zone.
14:42 of 2nd period - Ryan Carter is hit by Boyd Gordon.
14:50 of 2nd period - Wrist shot by Martins Karsums.
14:50 of 2nd period - Stopped by James Reimer with a rebound.
14:52 of 2nd period - Snap shot by Ryan Carter.
14:52 of 2nd period - Stopped by James Reimer without a rebound.
14:53 of 2nd period - Jordan Nolan wins face-off versus Ryan Carter in Monarchs zone.
15:25 of 2nd period - Snap shot by Peter Schaefer.
15:25 of 2nd period - Shot Blocked by Noah Welch.
15:51 of 2nd period - Adam Berti is hit by Richard Park and loses puck.
16:10 of 2nd period - Slapshot by Colin McDonald.
16:10 of 2nd period - Goal by Colin McDonald - Monarchs : 2 - Influenza : 3.
16:11 of 2nd period - Jordan Nolan wins face-off versus Ryan Carter in neutral zone.
16:14 of 2nd period - Slapshot by Cody Franson.
16:14 of 2nd period - Stopped by Tyson Sexsmith with a rebound.
16:22 of 2nd period - Wrist shot by Tyler Kennedy.
16:22 of 2nd period - Stopped by Tyson Sexsmith with a rebound.
16:24 of 2nd period - Slapshot by Tyler Kennedy.
16:24 of 2nd period - Shot Misses the Net.
16:26 of 2nd period - Wrist shot by Tyler Kennedy.
16:26 of 2nd period - Shot Blocked by Robbie Earl.
16:47 of 2nd period - Wrist shot by Ryan Russell.
16:47 of 2nd period - Deflect By Andrew MacDonald.
16:47 of 2nd period - Shot Blocked by Andrew MacDonald.
16:47 of 2nd period - Puck is out of play.
16:48 of 2nd period - Jordan Nolan wins face-off versus Ryan Carter in Monarchs zone.
17:15 of 2nd period - Zack Kassian is hit by Jeremy Morin and loses puck.
17:46 of 2nd period - Snap shot by Richard Park.
17:46 of 2nd period - Shot Blocked by Juraj Mikus.
17:48 of 2nd period - Wrist shot by Matt Martin.
17:48 of 2nd period - Shot Misses the Net.
17:59 of 2nd period - Icing by Eric Wellwood.
18:00 of 2nd period - Ryan Carter wins face-off versus Dana Tyrell in Monarchs zone.
18:05 of 2nd period - Slapshot by Cody Franson.
18:05 of 2nd period - Stopped by Tyson Sexsmith with a rebound.
18:07 of 2nd period - Snap shot by Eric Wellwood.
18:07 of 2nd period - Stopped by Tyson Sexsmith with a rebound.
18:09 of 2nd period - Slapshot by Marc Methot.
18:09 of 2nd period - Shot Blocked by Mathieu Carle.
18:11 of 2nd period - Slapshot by Marc Methot.
18:11 of 2nd period - Shot Blocked by Mathieu Carle.
18:13 of 2nd period - Snap shot by Jay Beagle.
18:13 of 2nd period - Shot Misses the Net.
18:15 of 2nd period - Slapshot by Eric Wellwood.
18:15 of 2nd period - Shot Misses the Net.
18:25 of 2nd period - Marc Methot is hit by Jeremy Morin and loses puck.
18:29 of 2nd period - Icing by Brock Trotter.
18:30 of 2nd period - Cody McCormick wins face-off versus Jordan Nolan in Monarchs zone.
18:39 of 2nd period - Snap shot by Jordan Nolan.
18:39 of 2nd period - Stopped by Tyson Sexsmith with a rebound.
18:45 of 2nd period - Cody Franson is hit by Ryan Russell and loses puck.
18:52 of 2nd period - Snap shot by Jeremy Morin.
18:52 of 2nd period - Shot Misses the Net.
19:00 of 2nd period - Slapshot by Cody Franson.
19:00 of 2nd period - Stopped by Tyson Sexsmith with a rebound.
19:02 of 2nd period - Wrist shot by Jordan Nolan.
19:02 of 2nd period - Shot Blocked by Jeremy Morin.
19:37 of 2nd period - Wrist shot by Tyler Kennedy.
19:37 of 2nd period - Stopped by Tyson Sexsmith with a rebound.
19:39 of 2nd period - Snap shot by Marc Methot.
19:39 of 2nd period - Stopped by Tyson Sexsmith with a rebound.
Goals for this period are 1 for Monarchs vs 3 for Influenza.
Shots for this period are 18 for Monarchs vs 12 for Influenza.
3rd period
0:01 of 3rd period - Ryan Carter wins face-off versus Boyd Gordon in neutral zone.
1:14 of 3rd period - Slapshot by Shawn Belle.
1:14 of 3rd period - Deflect By Jay Beagle.
1:14 of 3rd period - Shot Misses the Net.
1:14 of 3rd period - Puck is out of play.
1:15 of 3rd period - Jacob Josefson wins face-off versus Jordan Nolan in Influenza zone.
1:30 of 3rd period - Jake Muzzin is hit by Colin McDonald and loses puck.
1:51 of 3rd period - Snap shot by Peter Schaefer.
1:51 of 3rd period - Stopped by Tyson Sexsmith without a rebound.
1:52 of 3rd period - Cody McCormick wins face-off versus Zac Rinaldo in Influenza zone.
1:52 of 3rd period - Cody McCormick is hit by Zac Rinaldo.
2:00 of 3rd period - Snap shot by Ryan Russell.
2:00 of 3rd period - Shot Misses the Net.
2:29 of 3rd period - Slapshot by Tyler Kennedy.
2:29 of 3rd period - Stopped by Tyson Sexsmith with a rebound.
6:00 of 3rd period - Snap shot by Peter Schaefer.
6:00 of 3rd period - Stopped by Tyson Sexsmith with a rebound.
6:22 of 3rd period - Backhand shot by Tyler Kennedy.
6:22 of 3rd period - Shot Misses the Net.
6:24 of 3rd period - Slapshot by Andrew MacDonald.
6:24 of 3rd period - Shot Blocked by Carl Gunnarsson.
7:44 of 3rd period - Wrist shot by Richard Park.
7:44 of 3rd period - Deflect By Matt Martin.
7:44 of 3rd period - Stopped by Tyson Sexsmith with a rebound.
7:46 of 3rd period - Slapshot by Zac Rinaldo.
7:46 of 3rd period - Shot Blocked by Colin McDonald.
7:48 of 3rd period - Slapshot by Shawn Belle.
7:48 of 3rd period - Stopped by Tyson Sexsmith without a rebound.
7:49 of 3rd period - Tyler Kennedy wins face-off versus Ryan Carter in Influenza zone.
7:50 of 3rd period - Snap shot by Jordan Nolan.
7:50 of 3rd period - Stopped by Tyson Sexsmith without a rebound.
7:51 of 3rd period - Ryan Carter wins face-off versus Jordan Nolan in Influenza zone.
8:15 of 3rd period - Icing by Jaime Sifers.
8:16 of 3rd period - Boyd Gordon wins face-off versus Ryan Carter in Influenza zone.
8:31 of 3rd period - Snap shot by Martins Karsums.
8:31 of 3rd period - Goal by Martins Karsums - Monarchs : 2 - Influenza : 4.
8:32 of 3rd period - Ryan Carter wins face-off versus Jordan Nolan in neutral zone.
8:44 of 3rd period - Snap shot by Tyler Kennedy.
8:44 of 3rd period - Goal by Tyler Kennedy - Monarchs : 3 - Influenza : 4.
8:45 of 3rd period - Tyler Kennedy wins face-off versus Ryan Carter in neutral zone.
8:54 of 3rd period - Wrist shot by Brock Trotter.
8:54 of 3rd period - Shot Blocked by Noah Welch.
9:10 of 3rd period - Peter Schaefer is hit by Jacob Josefson and loses puck.
9:18 of 3rd period - Off-side.
9:19 of 3rd period - Cody McCormick wins face-off versus Jordan Nolan in neutral zone.
9:28 of 3rd period - Slapshot by Ryan Russell.
9:28 of 3rd period - Stopped by James Reimer with a rebound.
9:30 of 3rd period - Snap shot by Jeremy Morin.
9:30 of 3rd period - Goal by Jeremy Morin - Monarchs : 3 - Influenza : 5.
9:31 of 3rd period - Jordan Nolan wins face-off versus Ryan Carter in neutral zone.
9:33 of 3rd period - Andrew MacDonald is hit by Martins Karsums and loses puck.
9:38 of 3rd period - Brock Trotter is hit by Noah Welch and loses puck.
9:59 of 3rd period - Slapshot by Mathieu Carle.
9:59 of 3rd period - Shot Misses the Net.
10:01 of 3rd period - Slapshot by Ryan Russell.
10:01 of 3rd period - Stopped by James Reimer without a rebound.
10:02 of 3rd period - Boyd Gordon wins face-off versus Ryan Russell in Monarchs zone.
10:17 of 3rd period - Snap shot by Ryan Russell.
10:17 of 3rd period - Stopped by James Reimer with a rebound.
10:19 of 3rd period - Wrist shot by Colin McDonald.
10:19 of 3rd period - Stopped by James Reimer with a rebound.
10:21 of 3rd period - Wrist shot by Ryan Russell.
10:21 of 3rd period - Stopped by James Reimer without a rebound.
10:22 of 3rd period - Ryan Carter wins face-off versus Jordan Nolan in Monarchs zone.
10:28 of 3rd period - Minor Penalty to Tyler Kennedy for Holding.
10:29 of 3rd period - Ryan Carter wins face-off versus Richard Park in Monarchs zone.
10:29 of 3rd period - Slapshot by Martins Karsums.
10:29 of 3rd period - Deflect By Robbie Earl.
10:29 of 3rd period - Goal by Robbie Earl - Monarchs : 3 - Influenza : 6.
10:30 of 3rd period - Jordan Nolan wins face-off versus Ryan Carter in neutral zone.
10:41 of 3rd period - Wrist shot by Jordan Nolan.
10:41 of 3rd period - Shot Blocked by Mathieu Carle.
11:12 of 3rd period - Double Minor Penalty to Jeremy Morin for High sticking.
11:13 of 3rd period - Jordan Nolan wins face-off versus Robbie Earl in Influenza zone.
11:21 of 3rd period - Icing by Andrew MacDonald.
11:22 of 3rd period - Robbie Earl wins face-off versus Jordan Nolan in Monarchs zone.
11:43 of 3rd period - Slapshot by Cody Franson.
11:43 of 3rd period - Deflect By Jordan Nolan.
11:43 of 3rd period - Goal by Jordan Nolan - Monarchs : 4 - Influenza : 6.
11:44 of 3rd period - Robbie Earl wins face-off versus Jordan Nolan in neutral zone.
12:43 of 3rd period - Slapshot by Mathieu Carle.
12:43 of 3rd period - Shot Blocked by Roman Josi.
13:25 of 3rd period - Brock Trotter is hit by Mathieu Carle and loses puck.
13:43 of 3rd period - Penalty to Jeremy Morin is over, Jeremy Morin is back on ice.
13:47 of 3rd period - Icing by Zac Rinaldo.
13:48 of 3rd period - Dana Tyrell wins face-off versus Juraj Mikus in Monarchs zone.
13:59 of 3rd period - Slapshot by Jay Beagle.
13:59 of 3rd period - Goal by Jay Beagle - Monarchs : 5 - Influenza : 6.
14:00 of 3rd period - Jordan Nolan wins face-off versus Ryan Carter in neutral zone.
14:06 of 3rd period - Minor Penalty to Ryan Carter for High sticking.
14:07 of 3rd period - Robbie Earl wins face-off versus Jordan Nolan in Influenza zone.
14:17 of 3rd period - Slapshot by Mathieu Carle.
14:17 of 3rd period - Stopped by James Reimer with a rebound.
15:38 of 3rd period - Andrew MacDonald is hit by Noah Welch and loses puck.
15:43 of 3rd period - Snap shot by Cody McCormick.
15:43 of 3rd period - Shot Blocked by Zack Kassian.
15:53 of 3rd period - Jaime Sifers is hit by Tyler Kennedy and loses puck.
16:06 of 3rd period - Penalty to Ryan Carter is over, Ryan Carter is back on ice.
17:20 of 3rd period - Richard Park is hit by Adam Berti.
18:01 of 3rd period - Slapshot by Noah Welch.
18:01 of 3rd period - Stopped by James Reimer without a rebound.
18:02 of 3rd period - Ryan Russell wins face-off versus Zac Rinaldo in Monarchs zone.
18:53 of 3rd period - Slapshot by Ryan Carter.
18:53 of 3rd period - Stopped by James Reimer without a rebound.
18:54 of 3rd period - Bruce Boudreau call a timeout for Monarchs .
18:54 of 3rd period - Ryan Carter wins face-off versus Jordan Nolan in Monarchs zone.
19:02 of 3rd period - Monarchs , James Reimer is pulled from the net.
19:04 of 3rd period - Wrist shot by Brock Trotter.
19:04 of 3rd period - Stopped by Tyson Sexsmith with a rebound.
19:06 of 3rd period - Wrist shot by Jordan Nolan.
19:06 of 3rd period - Shot Misses the Net.
19:08 of 3rd period - Snap shot by Brock Trotter.
19:08 of 3rd period - Stopped by Tyson Sexsmith with a rebound.
19:10 of 3rd period - Snap shot by Cody Franson.
19:10 of 3rd period - Shot Blocked by Ryan Carter.
19:12 of 3rd period - Wrist shot by Jordan Nolan.
19:12 of 3rd period - Deflect By Zack Kassian.
19:12 of 3rd period - Shot Blocked by Mathieu Carle.
19:12 of 3rd period - Puck is out of play.
19:13 of 3rd period - Ryan Carter wins face-off versus Jordan Nolan in Influenza zone.
19:36 of 3rd period - Snap shot by Jordan Nolan.
19:36 of 3rd period - Goal by Jordan Nolan - Monarchs : 6 - Influenza : 6.
19:36 of 3rd period - James Reimer from Monarchs was sent back in the game.
19:37 of 3rd period - Zac Rinaldo wins face-off versus Jacob Josefson in neutral zone.
Goals for this period are 4 for Monarchs vs 3 for Influenza.
Shots for this period are 12 for Monarchs vs 11 for Influenza.
Overtime #1
0:01 of 1st overtime period - Robbie Earl wins face-off versus Boyd Gordon in neutral zone.
0:12 of 1st overtime period - Wrist shot by Robbie Earl.
0:12 of 1st overtime period - Shot Misses the Net.
0:14 of 1st overtime period - Snap shot by Martins Karsums.
0:14 of 1st overtime period - Stopped by James Reimer with a rebound.
0:16 of 1st overtime period - Slapshot by Mathieu Carle.
0:16 of 1st overtime period - Stopped by James Reimer with a rebound.
0:50 of 1st overtime period - Wrist shot by Carl Gunnarsson.
0:50 of 1st overtime period - Shot Misses the Net.
0:52 of 1st overtime period - Snap shot by Noah Welch.
0:52 of 1st overtime period - Shot Misses the Net.
1:10 of 1st overtime period - Snap shot by Jay Beagle.
1:10 of 1st overtime period - Shot Misses the Net.
1:12 of 1st overtime period - Backhand shot by Shawn Belle.
1:12 of 1st overtime period - Shot Blocked by Colin McDonald.
1:14 of 1st overtime period - Wrist shot by Jay Beagle.
1:14 of 1st overtime period - Stopped by Tyson Sexsmith with a rebound.
1:16 of 1st overtime period - Slapshot by Shawn Belle.
1:16 of 1st overtime period - Stopped by Tyson Sexsmith without a rebound.
1:17 of 1st overtime period - Robbie Earl wins face-off versus Boyd Gordon in Influenza zone.
1:51 of 1st overtime period - Wrist shot by Richard Park.
1:51 of 1st overtime period - Shot Misses the Net.
1:53 of 1st overtime period - Slapshot by Shawn Belle.
1:53 of 1st overtime period - Stopped by Tyson Sexsmith with a rebound.
2:24 of 1st overtime period - Snap shot by Noah Welch.
2:24 of 1st overtime period - Shot Blocked by Jay Beagle.
2:42 of 1st overtime period - Boyd Gordon is hit by Noah Welch and loses puck.
3:03 of 1st overtime period - Jay Beagle is hit by Ryan Russell and loses puck.
3:43 of 1st overtime period - Brock Trotter is hit by Ryan Carter.
4:51 of 1st overtime period - Snap shot by Mathieu Carle.
4:51 of 1st overtime period - Stopped by James Reimer with a rebound.
Goals for this period are 0 for Monarchs vs 0 for Influenza.
Shots for this period are 3 for Monarchs vs 3 for Influenza.
ShootOut
5:00 of 1st overtime period - Penalty Shot by Matt Martin for Monarchs .
5:00 of 1st overtime period - Snap shot by Matt Martin.
5:00 of 1st overtime period - Stopped by Tyson Sexsmith.
5:00 of 1st overtime period - Penalty Shot by Robbie Earl for Influenza.
5:00 of 1st overtime period - Wrist shot by Robbie Earl.
5:00 of 1st overtime period - Goal by Robbie Earl.
5:00 of 1st overtime period - Penalty Shot by Boyd Gordon for Monarchs .
5:00 of 1st overtime period - Deke by Boyd Gordon.
5:00 of 1st overtime period - Stopped by Tyson Sexsmith.
5:00 of 1st overtime period - Penalty Shot by Martins Karsums for Influenza.
5:00 of 1st overtime period - Wrist shot by Martins Karsums.
5:00 of 1st overtime period - Goal by Martins Karsums.
Output by the SimonT Hockey Simulator (STHS) for François Prévost -- Original Page W3C XHTML 1.0 Valid